 Dungeon Crawl Stone Soup version 0.30-a0-377-g5cb311bc9f (webtiles) character file.

Game seed: 13437281262220735211

44 SmokeWeed the Twirler (level 3, -2/37 HPs)
             Began as an Ogre Gladiator on Nov 27, 2022.
             Killed from afar by Grinder (10 damage)
             ... with a puff of flame
             ... on level 3 of the Dungeon.
             The game lasted 00:07:36 (1476 turns).

SmokeWeed the Twirler (Ogre Gladiator)              Turns: 1476, Time: 00:07:37

Health: -2/37      AC:  3    Str: 20    XL:     3   Next: 60%
Magic:  3/3        EV: 10    Int:  9    God:
Gold:   99         SH:  0    Dex: 10    Spells: 2/2 levels left

rFire   . . .      SeeInvis .    a - +0 quarterstaff
rCold   . . .      Faith    .    (shield currently unavailable)
rNeg    . . .      Spirit   .    b - +0 robe
rPois   .          Reflect  .    c - +0 hat
rElec   .          Harm     .    (no cloak)
rCorr   .          Rampage  .    (gloves unavailable)
Will    +....                    (boots unavailable)
Stlth   +.........               (no amulet)
HPRegen 0.26/turn                k - ring of willpower
MPRegen 0.08/turn                (no ring)

@: no status effects
A: large, unfitting armour, tough skin 1
a: no special abilities


You were on level 3 of the Dungeon.
You visited 1 branch of the dungeon, and saw 3 of its levels.

You collected 99 gold pieces.

Inventory:

Hand Weapons
 a - a +0 quarterstaff (weapon)
Missiles
 e - a large rock (quivered)
 h - 13 stones
 p - 4 poisoned darts
Armour
 b - a +0 robe (worn)
 c - a +0 hat (worn)
Jewellery
 k - a ring of willpower (left hand)
 u - a ring of magical power
Scrolls
 f - a scroll of enchant weapon {unknown}
 i - a scroll of fear {unknown}
 l - a scroll of amnesia {unknown}
 r - a scroll of vulnerability {unknown}
 t - a scroll of identify {unknown}
 v - a scroll of enchant armour {unknown}
Potions
 g - a potion of magic {unknown}
 j - a potion of brilliance {unknown}
 m - 2 potions of curing {unknown}
 n - 2 potions of lignification {unknown}
 o - a potion of cancellation {unknown}
 q - 2 potions of haste {unknown}
 s - a potion of attraction {unknown}


   Skills:
 + Level 3.4 Fighting
 + Level 3.6 Staves
 + Level 2.1 Throwing
 + Level 3.0 Dodging
 + Level 0.5 Stealth


You had 2 spell levels left.
You didn't know any spells.
Your spell library was empty.

Dungeon Overview and Level Annotations

Branches:
Dungeon (2/15)

Altars:

Annotations:
D:3 Grinder


Innate Abilities, Weirdness & Mutations

You are too large for most types of armour.
You have tough skin. (AC +1)


Message History

You closely miss the goblin. The goblin hits you but does no damage.
You thump the goblin!
You kill the goblin!
You now have 99 gold pieces (gained 8).
m - 2 orange potions (gained 1) Grinder gestures at you.
Pain shoots through your body!
Grinder zaps a wand.
The puff of flame hits you!
An endoplasm comes into view.
Found 11 gold pieces.
Grinder gestures at you.
You easily resist.
Throw: 2 throwing nets
Press: ? - help, Q - select action, (/) - cycle Shift-Dir - straight line, f/p - Grinder
Aim: Grinder, carrying a wand of flame (13) (53% to hit)
You throw a throwing net. The throwing net hits Grinder.
Grinder is caught in the net!
Grinder struggles against the net.
Grinder struggles against the net.
You catch the helpless Grinder completely off-guard!
You hit Grinder but do no damage.
Grinder struggles against the net.
You hit Grinder.
Grinder is lightly wounded.
Grinder struggles against the net.
The net rips apart, and Grinder comes free!
Throw: throwing net
Press: ? - help, Q - select action, (/) - cycle Shift-Dir - straight line, f/p - Grinder
Aim: Grinder, carrying a wand of flame (13) (lightly wounded, 53% to hit)
You throw a throwing net. The throwing net hits Grinder.
Grinder is caught in the net!
Grinder is lightly wounded.
Grinder gestures at you.
You easily resist.
Grinder struggles against the net.
Grinder blinks!
Grinder zaps a wand.
The puff of flame hits you!
* * * LOW HITPOINT WARNING * * *
Things that are here:
a +0 club; a goblin corpse Grinder zaps a wand.
The puff of flame hits you!
You die...

########......5.##...
#.....##.............
...
#.....##...##########
..... +......#..5#
#.....####......#...#
#...............#)..#
..........####.....###
#........##...........
#........##@#.....####
#........##.#........
#..$5....>............
####..........#...##.#
... #.##########...#
!# ...
#.#........#...# ...
#.#.######.#...# ...
#.#.#5...#.# ...
###.#.#.##.#.# ...


You could see Grinder.

Vanquished Creatures
  An adder (D:3)
  A worm (D:2)
  3 ball pythons (D:1)
  3 endoplasms
  5 goblins
  4 kobolds (D:1)
  A quokka (D:1)
  8 bats
  4 frilled lizards
  2 rats (D:1)
32 creatures vanquished.

Notes
Turn   | Place    | Note
-------+----------+-------------------------------------------
     0 | D:1      | SmokeWeed the Ogre Gladiator began the quest for the Orb.
     0 | D:1      | Reached XP level 1. HP: 22/22 MP: 1/1
   177 | D:1      | Reached XP level 2. HP: 28/29 MP: 2/2
   770 | D:1      | Found a faded altar of an unknown god.
   943 | D:2      | Reached XP level 3. HP: 37/37 MP: 3/3
  1270 | D:2      | Identified the +1 robe "Vobrausm" {rPois Str+2 Int+4}
  1277 | D:2      | You fall into a shaft and drop 1 floor!
  1416 | D:3      | Noticed Grinder
  1417 | D:3      | Paralysed by Grinder for 5 turns
  1476 | D:3      | Killed from afar by Grinder

Illustrated notes

Levels and vault maps discovered:
D:1:      psy_arrival_conway, layout_basic, chequers_ecumenical_altar_simple,
          kennysheep_another_room, minmay_misc_feat_enclosed
D:2:      layout_basic, uniq_crazy_yiuf_cottage
D:3:      layout_basic, kennysheep_cross_bottleneck, roderic_lattice_a,
          uniq_grinder

Skill      XL: |  1  2  3 |
---------------+----------+-----
Fighting       | 3 |  3.4
Dodging        | 3 |  3.0
Staves         | |  3.6
Throwing       | |  2.1
Stealth        | |  0.5

Action                   || total
-------------------------++-------
Melee: Quarterstaff      ||   102
Throw: Throwing net      ||     3
 Stab: Sleeping          ||     2
       Held in net/web   ||     1
Armor: Robe              ||    51
Dodge: Dodged            ||    79

Table legend: (Time is in decaauts)
 A = Elapsed time spent in this place.
 B = Non-inter-level travel time spent in this place.
 C = Inter-level travel time spent in this place.
 D = Time resting spent in this place.
 E = Time spent auto-exploring this place.
 F = Levels seen in this place.
 G = Mean time per level.
                   A        B        C        D        E       F      G
               +--------+--------+--------+--------+--------+-----+--------+
         Total |   1493 |   1461 |     32 |     90 |   1005 |   3 |  497.7 |
       Dungeon |   1493 |   1461 |     32 |     90 |   1005 |   3 |  497.7 |
               +--------+--------+--------+--------+--------+-----+--------+

Top non-repeatable levels by time:
     D:1: 930 daAuts
     D:2: 363 daAuts
     D:3: 200 daAuts
